 Dungeon Crawl Stone Soup version 0.30-a0-571-gdf30a72648 (webtiles) character file.

Game seed: 4911326081658807799

282 Shayle the Cutter (level 6, 0/32 (37) HPs)
             Began as a Tengu Reaver on Dec 30, 2022.
             Slain by a gnoll
             ... wielding a +2 whip of draining
              (3 damage)
             ... on level 5 of the Dungeon.
             The game lasted 00:07:23 (3400 turns).

Shayle the Cutter (Tengu Reaver)                    Turns: 3400, Time: 00:07:23

HP:   0/32 (37)     AC:  3    Str: 13      XL:     6   Next: 28%
MP:   10/10         EV: 15    Int: 11 (13) God:
Gold: 245           SH:  0    Dex: 14      Spells: 8/9 levels left

rFire   x . .      SeeInvis .    l - +1 whip (venom)
rCold   . . .      Faith    .    (no shield)
rNeg    . . .      Spirit   .    b - +0 leather armour
rPois   .          Reflect  .    (helmet restricted)
rElec   .          Harm     .    (no cloak)
rCorr   .          Rampage  .    (no gloves)
Will    .....                    (boots unavailable)
Stlth   ++                       (no amulet)
HPRegen 0.25/turn                (no ring)
MPRegen 0.12/turn                (no ring)

@: flying quickly and evasively, heavily drained, quick
A: beak, talons 3, nimble flight, heat vulnerability 1
a: no special abilities


You were on level 5 of the Dungeon.
You visited 1 branch of the dungeon, and saw 5 of its levels.

You collected 245 gold pieces.

Inventory:

Hand Weapons
 a - a +0 short sword
 l - a +1 whip of venom (weapon)
Missiles
 k - a throwing net
Armour
 b - a +0 leather armour (worn)
Scrolls
 c - a scroll of teleportation
 d - 2 scrolls of blinking
 f - a scroll of identify
 h - a scroll of enchant armour {unknown}
 o - a scroll of amnesia
Potions
 e - a potion of berserk rage {unknown}
 g - a potion of lignification
 i - a potion of heal wounds {unknown}
 p - a potion of might


   Skills:
 + Level 3.6 Fighting
 + Level 4.7 Short Blades
 + Level 3.9 Dodging
 + Level 3.0 Stealth
 - Level 2.0 Spellcasting
 - Level 4.0 Conjurations


You had 8 spell levels left.
You knew the following spells:

 Your Spells              Type           Power      Damage    Failure   Level
a - Kiss of Death         Conj/Necr      20%        2d7       16%         1

Your spell library contained the following spells:

 Spells                   Type           Power      Damage    Failure   Level
 Momentum Strike          Conj/Tloc      10%        3d8       24%         2
 Dazzling Flash           Conj/Hex       10%        N/A       43%         3
 Hailstorm                Conj/Ice       5%         3d4       43%         3
 Gell's Gravitas          Tloc           1%         N/A       73%         3
 Teleport Other           Tloc           1%         N/A       73%         3
 Agony                    Necr           1%         N/A       100%        5
 Silence                  Hex/Air        0%         N/A       100%        5
 Dispersal                Tloc           0%         N/A       100%        6


Dungeon Overview and Level Annotations

Branches:
Dungeon (5/15)
 Temple: D:4-7

Altars:
Hepliaklqana
Kikubaaqudgha

Shops:
D:1 *

Annotations:
D:2 1 runed translucent door, Crazy Yiuf


Innate Abilities, Weirdness & Mutations

You have a beak for a mouth.
You have claws for feet.
Your magical nature lets you fly swiftly and evasively.
You are vulnerable to heat. (rF-)


Message History

The kobold hits you but does no damage.
You hit the kobold.
You kill the kobold!
You hit the gnoll.
The gnoll is moderately wounded.
The gnoll hits you with a +2 whip of draining!
You feel drained.
The giant cockroach waves its antennae.
There is a stone staircase leading down here.
The gnoll hits you with a +2 whip of draining.
You feel drained.
You fly downwards.
Found a ring mail and 4 javelins.
Found an ancient bone altar of Kikubaaqudgha.
There is a stone staircase leading up here.
The helpless black bear fails to defend itself.
You hit the black bear.
The black bear is poisoned.
You claw the black bear, but do no damage.
You peck the black bear.
The black bear is moderately wounded.
The gnoll closely misses you. The black bear bites you.
The black bear completely misses you.
The black bear claws you but does no damage.
You hit the black bear.
The black bear looks as sick as possible!
You claw the black bear, but do no damage.
You peck the black bear.
The black bear is moderately wounded.
The gnoll hits you with a +2 whip of draining!
* * * LOW HITPOINT WARNING * * *
You feel drained.
* * * LOW HITPOINT WARNING * * *
The black bear bites you.
* * * LOW HITPOINT WARNING * * *
The black bear barely misses you. The black bear misses you.
You hit the black bear.
You claw the black bear, but do no damage.
The black bear is heavily wounded.
The gnoll hits you with a +2 whip of draining.
You die...

..... ..# .....
###.. .PP...
.(.. . ......
... ..
......##..##.##
#.P..........#
###...[h.......
....P..@.....#
......g......#
._..##P......#
... #.........
# #.......#.
........#
..........
.......###.


You could see a black bear (extremely poisoned) and a gnoll.

Vanquished Creatures
  An ogre (D:3)
  A jelly (D:2)
  4 gnolls
  5 adders
  2 dart slugs (D:1)
  5 orcs (D:3)
  8 ball pythons
  11 endoplasms
  6 goblins
  4 hobgoblins
  3 jackals (D:2)
  12 kobolds
  5 quokkas
  4 bats
  4 frilled lizards
  7 rats
  A spectral hobgoblin (D:3)
83 creatures vanquished.

Vanquished Creatures (others)
  2 fungi (D:2)
  7 toadstools (D:2)
9 creatures vanquished.

Grand Total: 92 creatures vanquished

Notes
Turn   | Place    | Note
-------+----------+-------------------------------------------
     0 | D:1      | Shayle the Tengu Reaver began the quest for the Orb.
     0 | D:1      | Reached XP level 1. HP: 12/12 MP: 4/4
   139 | D:1      | Reached XP level 2. HP: 17/17 MP: 6/6
   169 | D:1      | Found Wado's General Store.
   294 | D:1      | Reached skill level 1 in Stealth
   311 | D:1      | Found a faded altar of an unknown god.
   449 | D:1      | Reached XP level 3. HP: 22/22 MP: 7/7
  1128 | D:2      | Reached XP level 4. HP: 13/27 MP: 8/8
  1838 | D:2      | Found a runed translucent door.
  1839 | D:2      | Noticed Crazy Yiuf
  2005 | D:3      | Noticed an ogre
  2047 | D:3      | Gained mutation: Your magical nature lets you fly swiftly
                  | and evasively. [Tengu growth]
  2047 | D:3      | Reached XP level 5. HP: 23/32 MP: 9/9
  2127 | D:3      | HP: 2/48 [gnoll/+0 whip (1)]
  2128 | D:3      | Gained mutation: You are vulnerable to heat. (rF-) [potion
                  | of mutation]
  2773 | D:3      | Found a hazy altar of Hepliaklqana.
  2839 | D:3      | Killed an ogre
  2840 | D:3      | Reached XP level 6. HP: 7/37 MP: 10/10
  3397 | D:5      | Entered Level 5 of the Dungeon
  3397 | D:5      | Noticed a black bear
  3397 | D:5      | Found an ancient bone altar of Kikubaaqudgha.
  3400 | D:5      | Slain by a gnoll

Illustrated notes

Levels and vault maps discovered:
D:1:      dpeg_arrival_connections, layout_loops_cross, serial_shops, shop,
          chequers_ecumenical_altar_island, chequers_jeans
D:2:      cheibrodos_fertilizer, layout_basic, uniq_crazy_yiuf_cottage
D:3:      layout_basic, nicolae_hepliaklqana_monster_ancestors, serial_rivers,
          chequers_serial_rivers_micro_b, chequers_serial_rivers_micro_a,
          chequers_serial_rivers_room_b, chequers_serial_rivers_micro_b,
          chequers_serial_rivers_small_b, chequers_serial_rivers_micro_d
D:4:      layout_basic, minmay_temple_entry_statues_fountains
D:5:      layout_rooms, kiku_gazebo_garden_becter,
          nicolae_uskayaw_murder_on_the_dancefloor, grunt_temple_overflow_open

Skill      XL: |  1  2  3  4  5  6 |
---------------+-------------------+-----
Stealth        | 1 2 3 |  3.0
Dodging        | 3 |  3.9
Short Blades   | 4 |  4.7
Fighting       | 3 |  3.6
Spellcasting   | |  2.0
Conjurations   | |  4.0

Action                   |  1- 3 |  4- 6 || total
-------------------------+-------+-------++-------
Melee: Short sword       |    69 |       ||    69
       Kick              |    18 |    30 ||    48
       Peck              |     7 |    15 ||    22
       Whip              |    15 |   108 ||   123
  Use: Scroll            |       |     8 ||     8
       Potion            |       |     6 ||     6
 Stab: Sleeping          |     4 |     6 ||    10
       Distracted        |       |     1 ||     1
Armor: Leather armour    |    17 |    20 ||    37
       Skin              |       |    26 ||    26
Dodge: Dodged            |    44 |    79 ||   123

Table legend: (Time is in decaauts)
 A = Elapsed time spent in this place.
 B = Non-inter-level travel time spent in this place.
 C = Inter-level travel time spent in this place.
 D = Time resting spent in this place.
 E = Time spent auto-exploring this place.
 F = Levels seen in this place.
 G = Mean time per level.
                   A        B        C        D        E       F      G
               +--------+--------+--------+--------+--------+-----+--------+
         Total |   3304 |   3199 |    105 |    476 |   1884 |   5 |  660.8 |
       Dungeon |   3304 |   3199 |    105 |    476 |   1884 |   5 |  660.8 |
               +--------+--------+--------+--------+--------+-----+--------+

Top non-repeatable levels by time:
     D:2: 1194 daAuts
     D:3: 1072 daAuts
     D:1: 824 daAuts
     D:4: 209 daAuts
     D:5: 2 daAuts
